 Dungeon Crawl Stone Soup version 0.23.2-1-ga50397a6bc (webtiles) character file.

Game seed: 6370585802367103538

3558 FluffierThanThou the Knight (level 10, -8/89 HPs)
             Began as a Hill Orc Fighter on May 21, 2019.
             Was a Priest of Okawaru.
             Mangled by a two-headed ogre
             ... wielding a +0 giant spiked club
              (20 damage)
             ... on level 8 of the Dungeon.
             The game lasted 00:17:10 (7783 turns).

FluffierThanThou the Knight (Hill Orc Fighter)      Turns: 7783, Time: 00:17:10

Health: -8/89      AC: 13    Str: 23    XL:     10   Next: 9%
Magic:  17/17      EV: 12    Int:  8    God:    Okawaru [***...]
Gold:   401        SH: 13    Dex: 10    Spells: 9/9 levels left

rFire    . . .     SeeInvis .   a - +0 war axe
rCold    . . .     Gourm    .   c - +0 shield
rNeg     . . .     Faith    .   m - +1 ring mail {MR+}
rPois    .         Spirit   .   (no helmet)
rElec    .         Reflect  .   w - +0 cloak
rCorr    .         Harm     .   y - +0 pair of gloves
MR       +....                  j - +0 pair of boots (curse)
Stlth    ++........             (no amulet)
HPRegen  0.24/turn              (no ring)
MPRegen  0.15/turn              (no ring)

@: heroism
A: no striking features
a: Heroism, Renounce Religion


You were on level 8 of the Dungeon.
You worshipped Okawaru.
Okawaru was most pleased with you.
You were not hungry.

You visited 2 branches of the dungeon, and saw 9 of its levels.
You also visited: Ossuary.

You collected 401 gold pieces.

Inventory:

Hand Weapons
 a - a +0 war axe (weapon)
 B - the +6 flail "Yvourim" {crush, Dex+6 SInv, unknown}
   (You found it on level 6 of the Dungeon)

   It inflicts extra damage upon your enemies.
   It affects your dexterity (+6).
   It lets you see invisible.
Missiles
 E - a throwing net (quivered) {!f}
Armour
 c - a +0 shield (worn)
 j - a cursed +0 pair of boots (worn)
   (You found it on level 1 of the Dungeon)
 m - a +1 ring mail of magic resistance (worn)
   (You found it on level 2 of the Dungeon)
 w - a +0 cloak (worn)
   (You took it off Crazy Yiuf on level 4 of the Dungeon)
 y - a +0 pair of gloves (worn)
   (You found it on level 5 of the Dungeon)
Jewellery
 s - an uncursed ring of protection from magic {unknown}
   (You found it on level 5 of the Dungeon)
 v - an uncursed amulet of magic regeneration {unknown}
   (You found it on level 4 of the Dungeon)
 A - an uncursed ring of poison resistance {unknown}
   (You found it on level 5 of the Dungeon)
Wands
 b - a wand of scattershot (6)
   (You took it off Ijyb on level 5 of the Dungeon)
 t - a wand of polymorph (4)
   (You took it off Blork the orc on level 4 of the Dungeon)
Scrolls
 d - a scroll of fog {unknown}
 f - 4 scrolls of remove curse {unknown}
 g - 2 scrolls of fear {unknown}
 l - 6 scrolls of identify {@r1}
 n - a scroll of magic mapping {unknown}
 p - a scroll of enchant armour {unknown}
 q - 4 scrolls of teleportation {unknown}
 r - a scroll of random uselessness {unknown}
 x - a scroll of immolation {unknown}
Potions
 h - a potion of invisibility {unknown}
 i - a potion of flight
 k - 6 potions of curing {@q1}
 o - a potion of brilliance
 u - a potion of lignification {unknown}
 z - 2 potions of berserk rage {unknown}
 C - 5 potions of degeneration {!q}
Comestibles
 e - 15 rations {!d}
 F - 2 chunks of flesh


   Skills:
 + Level 8.3(13.3) Fighting
 + Level 8.3(13.3) Axes
 + Level 7.4(12.4) Armour
 + Level 7.3(12.3) Shields
 * Level 9.4 Invocations


You had 9 spell levels left.
You didn't know any spells.
Your spell library contained the following spells:

 Spells                   Type           Power        Failure   Level  Hunger
 Sandblast                Erth           #.....       65%         1    ##.....
 Throw Flame              Conj/Fire      #.....       78%         2    ###....
 Inner Flame              Hex/Fire       #.......     95%         3    ####...
 Bolt of Fire             Conj/Fire      #.........   100%        6    #######


Dungeon Overview and Level Annotations

Branches:
Dungeon (8/15)             Temple (1/1) D:5
   Lair: D:8-11

Altars:
Ashenzari
Cheibriados
Dithmenos
Elyvilon
Fedhas
Gozag
Hepliaklqana
Kikubaaqudgha
Makhleb
Nemelex Xobeh
Okawaru
Qazlal
Ru
Sif Muna
Trog
Uskayaw
Vehumet
Wu Jian
Xom
Yredelemnul
Zin
The Shining One


Message History

The orc warrior barely misses you.
You closely miss the orc warrior.
You hit the two-headed ogre but do no damage.
A howler monkey comes into view.
The two-headed ogre hits you with a +0 giant spiked club!
The two-headed ogre closely misses you.
The orc warrior hits you but does no damage.
You completely miss the orc warrior. You slash the two-headed ogre!
You slash the orc warrior!
You kill the orc warrior!
Okawaru accepts your kill.
You closely miss the two-headed ogre. You block the two-headed ogre's attack.
The two-headed ogre closely misses you.
You slash the two-headed ogre! You barely miss the two-headed ogre.
You slash the scorpion! You block the two-headed ogre's attack.
The two-headed ogre hits you with a +0 giant spiked club!
* * * LOW HITPOINT WARNING * * *
You block the scorpion's attack.
You barely miss the two-headed ogre.
Your shield prevents you from hitting the scorpion.
The scorpion stings you.
* * * LOW HITPOINT WARNING * * *
You block the two-headed ogre's attack. x2
You feel much better.
The howler monkey hoots and howls with incredible vigour!
You block the scorpion's attack.
You hear an angry growl.
You slash the two-headed ogre! You barely miss the scorpion.
A howler monkey comes into view.
The two-headed ogre hits you with a +0 giant spiked club!
* * * LOW HITPOINT WARNING * * *
You block the two-headed ogre's attack. You block the scorpion's attack.
You hit the two-headed ogre. You closely miss the scorpion.
You block the two-headed ogre's attack. x2; The scorpion stings you.
* * * LOW HITPOINT WARNING * * *
You hit the two-headed ogre. You hit the scorpion.
You block the scorpion's attack.
You hit the two-headed ogre. You hit the scorpion.
You kill the scorpion!
Okawaru accepts your kill.
You feel your intelligence returning.
The two-headed ogre hits you with a +0 giant spiked club!!
* * * LOW HITPOINT WARNING * * *
The two-headed ogre misses you.
You feel better.
The two-headed ogre hits you with a +0 giant spiked club.
* * * LOW HITPOINT WARNING * * *
The two-headed ogre hits you with a +0 giant spiked club!!
You die...

.#...........# #.........
.............# ##.........
.............# ##....<....#
.............## #...########
..............# ##..##
............h.# ##..##
#............h## ##...########
###....#...##FO###............
##....######o@..........)...
##... ###.............. ##..
##............. ##.
#..#.......... ##
#............. ...###.........
..### #......... .# ##.......


You could see a two-headed ogre, a bullfrog, 2 howler monkeys and an orc.

Vanquished Creatures
  Pikel (D:4)
  Grinder (D:5)
  An orc warrior (D:8)
  A sky beast (D:6)
  2 phantoms (D:6)
  An ice beast (D:7)
  A black bear (D:6)
  3 slaves (D:4)
  A necrophage (D:6)
  4 ogres
  A centaur (D:7)
  Blork the orc (D:4)
  A bullfrog (D:6)
  2 scorpions
  8 wights
  3 howler monkeys
  2 crimson imps
  2 human zombies (Ossuary)
  A centaur skeleton (D:5)
  3 hounds
  3 orc priests
  Crazy Yiuf (D:4)
  6 orc wizards
  2 bullfrog skeletons
  Jessica (D:2)
  Ijyb (D:5)
  3 iguanas
  5 worker ants
  3 big kobold zombies (Ossuary)
  A hound skeleton (D:4)
  2 mummies (Ossuary)
  Robin (D:4)
  8 adders
  A shadow imp (D:6)
  An ooze (D:1)
  2 adder skeletons
  2 adder zombies
  A worm (D:4)
  A dart slug (D:3)
  6 leopard geckos
  22 orcs
  2 ball pythons
  10 bats
  5 giant cockroaches (D:1)
  19 goblins
  11 hobgoblins
  5 jackals (D:3)
  3 quokkas
  5 frilled lizards
  2 goblin zombies (Ossuary)
  8 hobgoblin zombies (Ossuary)
  2 jackal zombies (Ossuary)
  6 kobolds
  11 kobold zombies (Ossuary)
  7 orc zombies (Ossuary)
  2 quokka skeletons
  4 rats
  A rat zombie (Ossuary)
216 creatures vanquished.

Notes
Turn   | Place    | Note
-------+----------+-------------------------------------------
     0 | D:1      | FluffierThanThou the Hill Orc Fighter began the quest for
                  | the Orb.
     0 | D:1      | Reached XP level 1. HP: 19/19 MP: 1/1
    81 | D:1      | Reached XP level 2. HP: 27/27 MP: 2/2
   211 | D:1      | Reached XP level 3. HP: 33/33 MP: 3/3
   494 | D:2      | Found a basalt altar of Yredelemnul.
   494 | D:2      | Found an iron altar of Okawaru.
   502 | D:2      | Became a worshipper of Warmaster Okawaru
   746 | D:2      | Found a glowing golden altar of the Shining One.
   968 | D:2      | Noticed Jessica
   971 | D:2      | Killed Jessica
   971 | D:2      | Reached XP level 4. HP: 40/40 MP: 4/4
  1124 | D:3      | Reached XP level 5. HP: 14/47 MP: 5/5
  2096 | D:3      | Reached * piety under Okawaru
  2096 | D:3      | Reached skill level 5 in Fighting
  2096 | D:3      | Reached XP level 6. HP: 38/56 MP: 6/6
  2125 | D:3      | Reached skill level 5 in Axes
  2409 | D:3      | Found a blossoming altar of Fedhas.
  2550 | D:3      | You fall through a shaft!
  2609 | D:4      | Noticed Robin
  2648 | D:4      | Killed Robin
  2731 | D:4      | Reached skill level 5 in Armour
  2731 | D:4      | Reached skill level 5 in Shields
  2731 | D:4      | Reached skill level 1 in Invocations
  2731 | D:4      | Reached XP level 7. HP: 46/61 MP: 7/7
  2786 | D:4      | Noticed Blork the orc
  2807 | D:4      | Killed Blork the orc
  3290 | D:4      | Noticed Pikel
  3314 | D:4      | Killed Pikel
  3314 | D:4      | Reached ** piety under Okawaru
  3314 | D:4      | Reached skill level 4 in Invocations
  3314 | D:4      | Reached XP level 8. HP: 7/70 MP: 6/11
  3770 | D:4      | Found a runed translucent door.
  3771 | D:4      | Noticed Crazy Yiuf
  3776 | D:4      | Killed Crazy Yiuf
  3781 | D:4      | Got a brightly glowing mace
  3782 | D:4      | Identified the cursed +1 mace "Tormentor" {freeze, *Rage
                  | Int+6 Dex+8} (You found it on level 4 of the Dungeon)
  4197 | D:5      | Entered Level 5 of the Dungeon
  4210 | D:5      | Noticed Ijyb
  4217 | D:5      | Killed Ijyb
  4351 | D:5      | Noticed Grinder
  4368 | D:5      | Killed Grinder
  4368 | D:5      | Reached skill level 5 in Invocations
  4468 | D:5      | Found a staircase to the Ecumenical Temple.
  4510 | Temple   | Entered the Ecumenical Temple
  4789 | D:5      | Reached skill level 6 in Invocations
  5512 | D:6      | Found a white marble altar of Elyvilon.
  5518 | D:6      | Got a slimy flail
  5531 | D:6      | Reached XP level 9. HP: 79/79 MP: 13/13
  5661 | D:6      | Found a sand-covered staircase.
  5670 | Ossuary  | Entered an ossuary
  5839 | Ossuary  | Reached skill level 7 in Invocations
  5925 | D:6      | Reached *** piety under Okawaru
  6267 | D:6      | Reached skill level 8 in Invocations
  6351 | D:6      | Identified the Papyrus of the Flamy Mountains
  7003 | D:7      | Received a gift from Okawaru
  7140 | D:7      | Reached skill level 9 in Invocations
  7144 | D:7      | Reached XP level 10. HP: 50/88 MP: 13/16
  7747 | D:8      | Noticed a two-headed ogre
  7783 | D:8      | Mangled by a two-headed ogre

Skill      XL: |  1  2  3  4  5  6  7  8  9 |
---------------+----------------------------+-----
Axes           | 3 4 5 6 8 |  8.3
Fighting       | 4 5 6 7 8 |  8.3
Armour         | 4 5 6 7 |  7.4
Shields        | 4 5 6 7 |  7.3
Invocations    | 1 4 6 9 |  9.4

Action                   |  1- 3 |  4- 6 |  7- 9 | 10-12 || total
-------------------------+-------+-------+-------+-------++-------
Melee: War axe           |   129 |   165 |   475 |    51 ||   820
Invok: Heroism           |       |     1 |    12 |     1 ||    14
  Use: Potion            |     1 |     1 |     7 |     2 ||    11
       Scroll            |       |       |     1 |       ||     1
  Eat: Ration            |     2 |       |     2 |     1 ||     5
       Chunk             |       |       |     7 |       ||     7
Armor: Scale mail        |    54 |       |       |       ||    54
       Ring mail         |    12 |    69 |   161 |     7 ||   249
Dodge: Dodged            |    46 |    53 |   136 |    16 ||   251
Block: Shield            |    74 |    95 |   244 |    34 ||   447
